[ AOE2 MATCH · #505515153 ]
UnrankedSicilians vs Spanish
Player's team · LOSS
Rival team · WIN
[ REPLAY ANALYSIS · EXTRACTED FROM THE RECORDED GAME ]
Feudal
8:57
Castle
—
Imperial
—
| APM avg | 44.0 |
| APM peak | 76 |
| eAPM avg | 20.5 |
| Villagers / military | 46 / 14 |
Focus
⚔️ 29.0% · 🌾 71.0%
Serjeant ×11 · Spearman ×2 · Archer ×1
Feudal
12:21
Castle
20:57
Imperial
—
| APM avg | 84.6 |
| APM peak | 117 |
| eAPM avg | 35.9 |
| Villagers / military | 49 / 9 |
Focus
⚔️ 46.1% · 🌾 53.9%
Militia ×7 · Scout Cavalry ×2
Match map
Initial resources + every placement click. Lines = walls · curves = elevation contours. ◆ gold · ⬟ stone · ● berries · ✦ relic · ◌ wall gap
Your base· Open — opponent sealed themselves in
鱼鱼宝宝's base· ✓ Closed at 20:57 · 67t walls · no gate
Smoothed initial terrain · ◌ = detected wall gap · hover for details
Inputs per minute
— [Mushu] Elgo Lazo - - 鱼鱼宝宝
Build order — [Mushu] Elgo Lazo
102 actions detected in the replay
| 0:00 | Queue | Villager (Male) |
| 0:01 | Queue | Villager (Male) |
| 0:01 | Queue | Villager (Male) |
| 0:01 | Queue | Villager (Male) |
| 0:01 | Queue | Villager (Male) |
| 0:02 | Build | House |
| 0:03 | Build | House |
| 1:28 | Queue | Villager (Male) |
| 1:28 | Queue | Villager (Male) |
| 1:53 | Build | Lumber Camp |
| 2:01 | Queue | Villager (Male) |
| 2:01 | Queue | Villager (Male) |
| 2:22 | Queue | Villager (Male) |
| 3:02 | Queue | Villager (Male) |
| 3:02 | Queue | Villager (Male) |
| 3:03 | Queue | Villager (Male) |
| 3:49 | Queue | Villager (Male) |
| 3:50 | Queue | Villager (Male) |
| 3:55 | Build | House |
| 4:17 | Queue | Villager (Male) |
| 4:17 | Queue | Villager (Male) |
| 4:23 | Build | Mill |
| 4:40 | Queue | Villager (Male) |
| 5:06 | Queue | Villager (Male) |
| 5:16 | Queue | Villager (Male) |
| 5:17 | Queue | Villager (Male) |
| 5:17 | Research | Loom |
| 6:44 | Research | Feudal Age |
| 6:59 | Build | Mining Camp |
| 7:53 | Build | House |
| 7:55 | Build | Palisade Wall |
| 8:00 | Build | Donjon |
| 8:01 | Queue | Villager (Male) |
| 8:36 | Build | Mining Camp |
| 8:37 | Queue | Villager (Male) |
| 8:57 | Age | Feudal Age |
| 8:59 | Queue | Serjeant |
| 9:27 | Queue | Villager (Male) |
| 9:41 | Queue | Serjeant |
| 10:11 | Queue | Villager (Male) |
| 10:13 | Queue | Villager (Male) |
| 10:15 | Queue | Serjeant |
| 10:18 | Queue | Villager (Male) |
| 10:30 | Queue | Villager (Male) |
| 10:37 | Queue | Villager (Male) |
| 10:40 | Build | House |
| 10:58 | Queue | Serjeant |
| 11:29 | Build | House |
| 11:36 | Build | Donjon |
| 11:55 | Queue | Serjeant |
| 12:01 | Queue | Villager (Male) |
| 12:11 | Build | Farm |
| 12:15 | Build | Farm |
| 12:33 | Queue | Serjeant |
| 12:51 | Build | Farm |
| 12:55 | Build | House |
| 13:15 | Queue | Villager (Male) |
| 13:32 | Queue | Villager (Male) |
| 13:41 | Queue | Villager (Male) |
| 13:45 | Build | Farm |
| 14:08 | Queue | Serjeant |
| 14:09 | Queue | Villager (Male) |
| 14:28 | Queue | Serjeant |
| 14:50 | Queue | Villager (Male) |
| 14:55 | Build | House |
| 15:07 | Build | Donjon |
| 15:14 | Queue | Villager (Male) |
| 15:16 | Build | Farm |
| 15:18 | Build | Farm |
| 15:20 | Build | Farm |
| 15:41 | Queue | Serjeant |
| 15:50 | Queue | Villager (Male) |
| 15:58 | Queue | Serjeant |
| 15:59 | Queue | Villager (Male) |
| 16:08 | Queue | Villager (Male) |
| 16:25 | Queue | Villager (Male) |
| 16:35 | Queue | Villager (Male) |
| 16:49 | Queue | Serjeant |
| 16:56 | Build | Farm |
| 16:57 | Build | Farm |
| 16:59 | Build | Barracks |
| 17:01 | Build | Farm |
| 17:03 | Queue | Villager (Male) |
| 17:14 | Queue | Villager (Male) |
| 17:16 | Build | Palisade Wall |
| 17:18 | Build | Palisade Wall |
| 17:22 | Queue | Villager (Male) |
| 17:28 | Queue | Villager (Male) |
| 17:59 | Build | Market |
| 18:26 | Queue | Spearman |
| 18:34 | Build | Farm |
| 19:26 | Build | Archery Range |
| 19:34 | Queue | Spearman |
| 19:45 | Build | Farm |
| 19:48 | Build | Palisade Wall |
| 19:52 | Build | Palisade Wall |
| 20:21 | Research | Castle Age |
| 20:30 | Build | House |
| 20:32 | Build | House |
| 20:37 | Build | Palisade Wall |
| 20:38 | Queue | Villager (Male) |
| 20:49 | Queue | Archer |
Build order — 鱼鱼宝宝
133 actions detected in the replay
| 0:02 | Queue | Villager (Male) |
| 0:02 | Queue | Villager (Male) ×4 |
| 0:03 | Build | House |
| 0:04 | Build | House |
| 1:26 | Queue | Villager (Male) |
| 1:55 | Queue | Villager (Male) |
| 1:55 | Queue | Villager (Male) |
| 1:57 | Build | Lumber Camp |
| 2:16 | Queue | Villager (Male) |
| 2:42 | Queue | Villager (Male) |
| 3:06 | Queue | Villager (Male) |
| 3:37 | Queue | Villager (Male) |
| 3:37 | Queue | Villager (Male) |
| 3:44 | Build | House |
| 3:52 | Build | House |
| 3:59 | Queue | Villager (Male) |
| 4:00 | Queue | Villager (Male) |
| 4:30 | Queue | Villager (Male) |
| 4:30 | Queue | Villager (Male) |
| 4:39 | Build | Barracks |
| 4:46 | Queue | Villager (Male) |
| 4:53 | Queue | Villager (Male) |
| 4:53 | Queue | Villager (Male) |
| 5:05 | Build | House |
| 5:11 | Build | House |
| 5:21 | Build | Palisade Wall |
| 5:26 | Queue | Militia |
| 5:26 | Queue | Militia |
| 5:36 | Queue | Militia |
| 5:47 | Queue | Villager (Male) |
| 5:54 | Queue | Militia |
| 6:10 | Queue | Villager (Male) |
| 6:10 | Queue | Villager (Male) |
| 6:13 | Build | Palisade Wall |
| 6:31 | Queue | Villager (Male) |
| 6:46 | Build | Mill |
| 6:48 | Build | Palisade Wall |
| 6:52 | Build | Palisade Wall |
| 6:55 | Build | Palisade Wall |
| 7:06 | Queue | Villager (Male) |
| 7:21 | Build | Palisade Wall |
| 7:33 | Queue | Villager (Male) |
| 7:50 | Build | Palisade Wall |
| 7:52 | Queue | Villager (Male) |
| 7:56 | Build | House |
| 7:57 | Build | Palisade Wall |
| 8:10 | Queue | Villager (Male) |
| 8:16 | Queue | Villager (Male) |
| 8:39 | Build | Palisade Wall |
| 8:44 | Queue | Villager (Male) |
| 9:33 | Build | Mining Camp |
| 9:38 | Build | Mining Camp |
| 9:46 | Queue | Villager (Male) |
| 10:09 | Research | Feudal Age |
| 10:09 | Research | Feudal Age |
| 10:54 | Build | Farm |
| 10:55 | Build | Farm |
| 10:56 | Build | Farm |
| 10:56 | Build | Farm |
| 11:06 | Build | Farm |
| 11:20 | Build | Farm |
| 11:30 | Build | Farm |
| 11:39 | Build | Farm |
| 12:13 | Research | Loom |
| 12:13 | Research | Loom |
| 12:21 | Age | Feudal Age |
| 12:23 | Queue | Villager (Male) |
| 12:29 | Build | Watch Tower |
| 12:42 | Queue | Villager (Male) |
| 12:52 | Build | Stone Wall |
| 12:59 | Build | Stone Wall |
| 13:11 | Queue | Villager (Male) |
| 13:20 | Build | Blacksmith |
| 13:24 | Queue | Villager (Male) |
| 13:38 | Build | Blacksmith |
| 13:51 | Queue | Villager (Male) |
| 13:56 | Build | House |
| 14:00 | Queue | Villager (Male) |
| 14:03 | Build | House |
| 14:05 | Build | Stone Wall |
| 14:08 | Build | Stone Wall |
| 14:10 | Build | Stone Wall |
| 14:12 | Build | Stone Wall |
| 14:12 | Build | Stone Wall |
| 14:15 | Queue | Villager (Male) |
| 14:24 | Queue | Militia |
| 14:24 | Queue | Militia |
| 14:35 | Build | House |
| 14:37 | Build | House |
| 14:38 | Build | Stone Wall |
| 15:06 | Queue | Villager (Male) |
| 15:10 | Build | Mining Camp |
| 15:43 | Queue | Militia |
| 15:43 | Queue | Villager (Male) |
| 15:44 | Build | Stable |
| 15:59 | Build | Stone Wall |
| 16:47 | Queue | Villager (Male) |
| 16:54 | Queue | Scout Cavalry |
| 16:54 | Queue | Scout Cavalry |
| 16:55 | Queue | Villager (Male) |
| 16:56 | Build | Farm |
| 16:57 | Build | Farm |
| 17:11 | Queue | Villager (Male) |
| 17:16 | Build | Farm |
| 17:16 | Queue | Villager (Male) |
| 17:29 | Build | Stone Wall |
| 17:40 | Queue | Villager (Male) |
| 17:47 | Queue | Villager (Male) |
| 17:51 | Queue | Villager (Male) |
| 17:54 | Build | Stone Wall |
| 18:04 | Build | Farm |
| 18:05 | Build | Farm |
| 18:17 | Research | Castle Age |
| 18:17 | Research | Castle Age |
| 18:41 | Research | Double-Bit Axe |
| 18:41 | Research | Double-Bit Axe |
| 18:56 | Build | Palisade Wall |
| 19:26 | Research | Gold Mining |
| 19:26 | Research | Stone Mining |
| 19:27 | Research | Stone Mining |
| 19:27 | Research | Gold Mining |
| 19:33 | Research | Horse Collar |
| 19:33 | Research | Horse Collar |
| 19:34 | Research | Horse Collar |
| 19:55 | Build | Stone Wall |
| 19:57 | Build | House |
| 20:05 | Build | Stone Wall |
| 20:18 | Build | Farm |
| 20:46 | Queue | Villager (Male) |
| 20:50 | Queue | Villager (Male) |
| 20:57 | Age | Castle Age |
| 21:02 | Research | Bloodlines |
| 21:03 | Research | Bloodlines |
Match timeline
| 4:39 | 鱼鱼宝宝 · first_building Barracks |
| 5:21 | 鱼鱼宝宝 · wall_segment Palisade Wall x1 |
| 6:13 | 鱼鱼宝宝 · wall_segment Palisade Wall x5 |
| 6:48 | 鱼鱼宝宝 · wall_segment Palisade Wall x5 |
| 6:52 | 鱼鱼宝宝 · wall_segment Palisade Wall x2 |
| 6:55 | 鱼鱼宝宝 · wall_segment Palisade Wall x1 |
| 7:21 | 鱼鱼宝宝 · wall_segment Palisade Wall x8 |
| 7:50 | 鱼鱼宝宝 · wall_segment Palisade Wall x16 |
| 7:55 | [Mushu] Elgo Lazo · wall_segment Palisade Wall x1 |
| 7:57 | 鱼鱼宝宝 · wall_segment Palisade Wall x16 |
| 8:00 | [Mushu] Elgo Lazo · first_building Donjon |
| 8:39 | 鱼鱼宝宝 · wall_segment Palisade Wall x8 |
| 8:57 | [Mushu] Elgo Lazo · age_up feudal |
| 12:21 | 鱼鱼宝宝 · age_up feudal |
| 12:52 | 鱼鱼宝宝 · wall_segment Stone Wall x1 |
| 12:59 | 鱼鱼宝宝 · wall_segment Stone Wall x1 |
| 14:05 | 鱼鱼宝宝 · wall_segment Stone Wall x1 |
| 14:08 | 鱼鱼宝宝 · wall_segment Stone Wall x1 |
| 14:10 | 鱼鱼宝宝 · wall_segment Stone Wall x1 |
| 14:12 | 鱼鱼宝宝 · wall_segment Stone Wall x1 |
| 14:12 | 鱼鱼宝宝 · wall_segment Stone Wall x1 |
| 14:38 | 鱼鱼宝宝 · wall_segment Stone Wall x1 |
| 15:44 | 鱼鱼宝宝 · first_building Stable |
| 15:59 | 鱼鱼宝宝 · wall_segment Stone Wall x1 |
| 16:59 | [Mushu] Elgo Lazo · first_building Barracks |
| 17:16 | [Mushu] Elgo Lazo · wall_segment Palisade Wall x1 |
| 17:18 | [Mushu] Elgo Lazo · wall_segment Palisade Wall x1 |
| 17:29 | 鱼鱼宝宝 · wall_segment Stone Wall x1 |
| 17:54 | 鱼鱼宝宝 · wall_segment Stone Wall x1 |
| 18:54 | [Mushu] Elgo Lazo · first_market_buy 100 food |
| 18:56 | 鱼鱼宝宝 · wall_segment Palisade Wall x1 |
| 19:26 | [Mushu] Elgo Lazo · first_building Archery Range |
| 19:48 | [Mushu] Elgo Lazo · wall_segment Palisade Wall x4 |
| 19:52 | [Mushu] Elgo Lazo · wall_segment Palisade Wall x1 |
| 19:55 | 鱼鱼宝宝 · wall_segment Stone Wall x1 |
| 20:05 | 鱼鱼宝宝 · wall_segment Stone Wall x1 |
| 20:09 | [Mushu] Elgo Lazo · first_market_sell 100 wood |
| 20:37 | [Mushu] Elgo Lazo · wall_segment Palisade Wall x11 |
| 20:57 | 鱼鱼宝宝 · age_up castle |
| 21:05 | [Mushu] Elgo Lazo · resign |
[ AI ANALYSIS · 1 CREDIT ]
What really happened in this match?
Wolo.gg analyzes every decision: build order, eco, micro, common mistakes by bracket. Personalized analysis on WhatsApp or Discord in 30 seconds.
Civ guide
Sicilians
Perfil
Jugador #200661